TOP OF THE 1ST |
Vancouver Canadians batting - Pitching for Connecticut Tigers : RHP Neel Verhelst
|
Pitching: RHP Neel Verhelst
|
|
Batting: RHB Akira Kubo
|
0-0: Foul Ball, location: 2F 0-1: Ground out 6-3 (Groundball, 6, EV 103.1 MPH)
|
Batting: LHB Tso-lin Fen
|
0-0: Called Strike 0-1: Ball 1-1: Ball 2-1: Ground out 4-3 (Groundball, 4, EV 81.2 MPH)
|
Batting: RHB Adam O'Hare
|
0-0: Ball 1-0: Called Strike 1-1: Called Strike 1-2: Strikes out swinging
|
Top of the 1st over - 0 runs, 0 hits, 0 errors, 0 left on base; Vancouver 0 - Connecticut 0 |
BOTTOM OF THE 1ST |
Connecticut Tigers batting - Pitching for Vancouver Canadians : RHP David Tooley
|
Pitching: RHP David Tooley
|
|
Batting: LHB Iestyn Peacock
|
0-0: Ball 1-0: Called Strike 1-1: Swinging Strike 1-2: Foul Ball, location: 2F 1-2: Foul Ball, location: 2F 1-2: Ball 2-2: Fly out, F7 (Flyball, 7D, EV 108.1 MPH)
|
Batting: RHB Tony Nunez
|
0-0: Called Strike 0-1: Ball 1-1: Foul Ball, location: 2F 1-2: Ball 2-2: Fly out, F8 (Flyball, 8RM, EV 84.4 MPH)
|
Batting: LHB Jon Pedlar
|
0-0: Called Strike 0-1: Ball 1-1: Ball 2-1: Swinging Strike 2-2: Ball 3-2: Foul Ball, location: 2F 3-2: Strikes out looking
|
Bottom of the 1st over - 0 runs, 0 hits, 0 errors, 0 left on base; Vancouver 0 - Connecticut 0 |
TOP OF THE 2ND |
Vancouver Canadians batting - Pitching for Connecticut Tigers : RHP Neel Verhelst
|
Batting: RHB Terry Plumley
|
0-0: Ball 1-0: Hit by Pitch
|
Batting: RHB Jorge Cruz
|
0-0: Ball 1-0: Ball 2-0: Called Strike 2-1: Called Strike 2-2: Foul Ball, location: 2F 2-2: Foul Ball, location: 2F 2-2: Ball 3-2: Foul Ball, location: 2F 3-2: Base on Balls Terry Plumley to second
|
Batting: RHB John Rios
|
0-0: Called Strike 0-1: Ball 1-1: Ball 2-1: Ball 3-1: Ground out 6-3 (Groundball, 6S, EV 72.5 MPH) Terry Plumley to third Jorge Cruz to second
|
Batting: RHB Jose Ontiveros
|
0-0: Ball 1-0: Ball 2-0: Ball 3-0: Called Strike 3-1: TRIPLE (Flyball, 89XD, EV 91.2 MPH) Terry Plumley scores Jorge Cruz scores
|
Batting: LHB Julio Canseco
|
0-0: Ball 1-0: TRIPLE (Flyball, 9LD, EV 111.9 MPH) Jose Ontiveros scores
|
Batting: RHB Bobby Roldan
|
0-0: Ball 1-0: Reached on error, E1 (Groundball, 15S, EV 73.1 MPH) Julio Canseco scores
|
Batting: RHB Akira Kubo
|
0-0: Ball Bobby Roldan steals 2nd, throwing error, E2 Bobby Roldan to third 1-0: Swinging Strike 1-1: Reached on error, E6 (Groundball, 6, EV 78.8 MPH) Bobby Roldan scores
|
Batting: LHB Tso-lin Fen
|
0-0: SINGLE (Line Drive, 4D, EV 96.2 MPH) Akira Kubo to second Runner from 2nd tries for 3rd, SAFE, throw by RF made to third
|
Pitching: RHP Sho Sekine
|
|
Batting: RHB Adam O'Hare
|
0-0: Ball Tso-lin Fen steals 2nd base 1-0: Foul Ball, location: 2F 1-1: Swinging Strike 1-2: Ball 2-2: Ball 3-2: Foul Ball, location: 2F 3-2: Strikes out swinging
|
Batting: RHB Terry Plumley
|
0-0: Ball 1-0: Ball 2-0: Called Strike 2-1: Foul Ball, location: 2F 2-2: SINGLE (Line Drive, 7LS, EV 97.5 MPH) Akira Kubo scores Tso-lin Fen to third Runner from 3rd tries for Home, SAFE, throw by LF to home
|
Batting: RHB Jorge Cruz
|
0-0: Ball 1-0: Swinging Strike 1-1: SINGLE (Groundball, 4M, EV 103.1 MPH) (infield hit) Terry Plumley to second
|
Batting: RHB John Rios
|
0-0: Ball 1-0: Ball 2-0: Called Strike 2-1: Ball 3-1: Called Strike 3-2: Single, Error in OF, E9, batter to second base (Groundball, 34D, EV 100.6 MPH) Terry Plumley scores Jorge Cruz to third
|
Batting: RHB Jose Ontiveros
|
0-0: Foul Ball, location: 2F 0-1: Ball 1-1: Swinging Strike 1-2: Foul Ball, location: 2F 1-2: Ball 2-2: TRIPLE (Flyball, 78XD, EV 106.9 MPH) Jorge Cruz scores John Rios scores
|
Batting: LHB Julio Canseco
|
0-0: Ball 1-0: DOUBLE (Flyball, 78D, EV 97.5 MPH) Jose Ontiveros scores
|
Pitching: LHP Satoru Mori
|
|
Batting: RHB Bobby Roldan
|
0-0: Ball 1-0: Fly out, F7 (Flyball, 78M, EV 80.6 MPH)
|
Top of the 2nd over - 11 runs, 8 hits, 4 errors, 1 left on base; Vancouver 11 - Connecticut 0 |
BOTTOM OF THE 2ND |
Connecticut Tigers batting - Pitching for Vancouver Canadians : RHP David Tooley
|
Batting: SHB Ronnie Lundy
|
0-0: Called Strike 0-1: Swinging Strike 0-2: Strikes out swinging
|
Batting: RHB Yaremka Rzhevsky
|
0-0: Foul Ball, location: 2F 0-1: Ball 1-1: Foul Ball, location: 2F 1-2: Foul Ball, location: 2F 1-2: Foul Ball, location: 2F 1-2: Ball 2-2: Foul Ball, location: 2F 2-2: Strikes out swinging
|
Batting: LHB Ryan Adams
|
0-0: Called Strike 0-1: Ball 1-1: Foul Ball, location: 2F 1-2: Ball 2-2: Strikes out looking
|
Bottom of the 2nd over - 0 runs, 0 hits, 0 errors, 0 left on base; Vancouver 11 - Connecticut 0 |
TOP OF THE 3RD |
Vancouver Canadians batting - Pitching for Connecticut Tigers : LHP Satoru Mori
|
Batting: RHB Akira Kubo
|
0-0: Called Strike 0-1: Ball 1-1: Called Strike 1-2: Strikes out swinging
|
Batting: LHB Tso-lin Fen
|
0-0: Called Strike 0-1: Ball 1-1: Ball 2-1: SINGLE (Line Drive, 89S, EV 106.2 MPH)
|
Batting: RHB Adam O'Hare
|
0-0: Ball 1-0: Ball 2-0: Foul Ball, location: 2F 2-1: Ball 3-1: Base on Balls Tso-lin Fen to second
|
Batting: RHB Terry Plumley
|
0-0: Ball 1-0: Foul Ball, location: 2F 1-1: Foul Ball, location: 2F 1-2: Ball 2-2: Ball 3-2: Foul Ball, location: 2F 3-2: Foul Ball, location: 2F 3-2: Fly out, F8 (Flyball, 8RS, EV 88.8 MPH)
|
Batting: RHB Jorge Cruz
|
0-0: DOUBLE (Line Drive, 78D, EV 106.9 MPH) Tso-lin Fen scores Adam O'Hare to third
|
Batting: RHB John Rios
|
0-0: Foul Ball, location: 2F 0-1: SINGLE (Line Drive, 7S, EV 111.9 MPH) Adam O'Hare scores Jorge Cruz to third Runner from 3rd tries for Home, SAFE, throw by LF to home
|
Batting: RHB Jose Ontiveros
|
0-0: Called Strike 0-1: Foul Ball, location: 2F 0-2: Ball 1-2: Strikes out swinging
|
Top of the 3rd over - 3 runs, 3 hits, 0 errors, 1 left on base; Vancouver 14 - Connecticut 0 |
BOTTOM OF THE 3RD |
Connecticut Tigers batting - Pitching for Vancouver Canadians : RHP David Tooley
|
Batting: RHB Willie Ochoa
|
0-0: DOUBLE (Line Drive, 78D, EV 111.9 MPH)
|
Batting: RHB Dustin Bursell
|
0-0: Ball 1-0: SINGLE (Line Drive, 89S, EV 101.9 MPH) Willie Ochoa to third
|
Batting: LHB Zach Rose
|
0-0: Called Strike 0-1: Called Strike Dustin Bursell steals 2nd base 0-2: Strikes out swinging
|
Batting: LHB Iestyn Peacock
|
0-0: Fly out, F3 (Line Drive, 3D, EV 66.9 MPH)
|
Batting: RHB Tony Nunez
|
0-0: Called Strike 0-1: SINGLE (Groundball, 56D, EV 96.2 MPH) Willie Ochoa scores Dustin Bursell to third Runner from 3rd tries for Home, SAFE, throw by LF to home Tony Nunez to second
|
Batting: LHB Jon Pedlar
|
0-0: Foul Ball, location: 2F 0-1: 2-RUN HOME RUN (Flyball, 9D, EV 104.4 MPH), Distance : 392 ft
|
Batting: SHB Ronnie Lundy
|
0-0: Ball 1-0: Called Strike 1-1: Ball 2-1: SINGLE (Line Drive, 6D, EV 100.6 MPH)
|
Batting: RHB Yaremka Rzhevsky
|
0-0: Ground out 5-3 (Groundball, 56S, EV 92.5 MPH)
|
Bottom of the 3rd over - 4 runs, 5 hits, 0 errors, 1 left on base; Vancouver 14 - Connecticut 4 |
TOP OF THE 4TH |
Vancouver Canadians batting - Pitching for Connecticut Tigers : LHP Satoru Mori
|
Batting: LHB Julio Canseco
|
0-0: Ball 1-0: Called Strike 1-1: Ball 2-1: Ball 3-1: Swinging Strike 3-2: Foul Ball, location: 2F 3-2: Foul Ball, location: 2F 3-2: Foul Ball, location: 2F 3-2: Foul Ball, location: 2F 3-2: Strikes out looking
|
Batting: RHB Bobby Roldan
|
0-0: Ball 1-0: Called Strike 1-1: Ball 2-1: DOUBLE (Line Drive, 9LM, EV 112.5 MPH)
|
Pitching: LHP Jayden Carey
|
|
Batting: RHB Akira Kubo
|
0-0: Ball 1-0: Called Strike 1-1: Ground out 6-3 (Groundball, 6, EV 77.5 MPH) Bobby Roldan to third
|
Batting: LHB Tso-lin Fen
|
0-0: Ball 1-0: Called Strike 1-1: Ball 2-1: Ball 3-1: Base on Balls
|
Batting: RHB Adam O'Hare
|
0-0: Ball 1-0: Ball 2-0: Called Strike 2-1: Foul Ball, location: 2F 2-2: Ball 3-2: Foul Ball, location: 2F 3-2: Base on Balls Tso-lin Fen to second
|
Batting: RHB Terry Plumley
|
0-0: Foul Ball, location: 2F 0-1: Swinging Strike 0-2: Strikes out swinging
|
Top of the 4th over - 0 runs, 1 hit, 0 errors, 3 left on base; Vancouver 14 - Connecticut 4 |
BOTTOM OF THE 4TH |
Connecticut Tigers batting - Pitching for Vancouver Canadians : RHP David Tooley
|
Batting: LHB Ryan Adams
|
0-0: Ground out 4-3 (Groundball, 4, EV 95.0 MPH)
|
Batting: RHB Willie Ochoa
|
0-0: Ball 1-0: Called Strike 1-1: Swinging Strike 1-2: Ball 2-2: Strikes out looking
|
Batting: RHB Dustin Bursell
|
0-0: Foul Ball, location: 2F 0-1: Swinging Strike 0-2: Ball 1-2: Foul Ball, location: 2F 1-2: Ball 2-2: Ball 3-2: Base on Balls
|
Batting: LHB Zach Rose
|
0-0: Ball Dustin Bursell steals 2nd base 1-0: Ball 2-0: Ball 3-0: Called Strike 3-1: Swinging Strike 3-2: SINGLE (Groundball, 34D, EV 104.4 MPH) Dustin Bursell to third Runner from 3rd tries for Home, SAFE, throw by RF to home
|
Batting: LHB Iestyn Peacock
|
0-0: Ball 1-0: Swinging Strike 1-1: Foul Ball, location: 2F 1-2: Strikes out swinging
|
Bottom of the 4th over - 1 run, 1 hit, 0 errors, 1 left on base; Vancouver 14 - Connecticut 5 |
TOP OF THE 5TH |
Vancouver Canadians batting - Pitching for Connecticut Tigers : LHP Jayden Carey
|
Batting: RHB Jorge Cruz
|
0-0: Swinging Strike 0-1: Ball 1-1: Foul Ball, location: 2F 1-2: Ball 2-2: Ball 3-2: Foul Ball, location: 2F 3-2: Base on Balls
|
Batting: RHB John Rios
|
0-0: Called Strike Jorge Cruz is caught stealing 2nd base 2-4 0-1: SINGLE (Line Drive, 8LS, EV 89.4 MPH)
|
Batting: RHB Jose Ontiveros
|
0-0: Called Strike 0-1: Ball 1-1: Ball 2-1: SINGLE (Groundball, 6D, EV 105.0 MPH) John Rios to second
|
Batting: LHB Julio Canseco
|
0-0: Ball 1-0: Foul Ball, location: 2F 1-1: Swinging Strike 1-2: Strikes out swinging
|
Batting: RHB Bobby Roldan
|
0-0: Ball Wild Pitch! John Rios to third Jose Ontiveros to second 1-0: Called Strike 1-1: Called Strike 1-2: Ball 2-2: Ball 3-2: Base on Balls
|
Batting: RHB Akira Kubo
|
0-0: Called Strike 0-1: Ball 1-1: Ball 2-1: Swinging Strike 2-2: Strikes out swinging
|
Top of the 5th over - 0 runs, 2 hits, 0 errors, 3 left on base; Vancouver 14 - Connecticut 5 |
BOTTOM OF THE 5TH |
Connecticut Tigers batting - Pitching for Vancouver Canadians : RHP David Tooley
|
Batting: RHB Tony Nunez
|
0-0: Foul Ball, location: 2F 0-1: Ground out 5-3 (Groundball, 56, EV 83.1 MPH)
|
Batting: LHB Jon Pedlar
|
0-0: Ball 1-0: Ball 2-0: Ground out 6-3 (Groundball, P, EV 90.0 MPH)
|
Batting: SHB Ronnie Lundy
|
0-0: Ground out 4-3 (Groundball, 34, EV 89.4 MPH)
|
Bottom of the 5th over - 0 runs, 0 hits, 0 errors, 0 left on base; Vancouver 14 - Connecticut 5 |
TOP OF THE 6TH |
Vancouver Canadians batting - Pitching for Connecticut Tigers : LHP Jayden Carey
|
Pitching: RHP Bert Hernandez
|
|
Batting: LHB Tso-lin Fen
|
0-0: Ball 1-0: Ball 2-0: Called Strike 2-1: Ball 3-1: Called Strike 3-2: Base on Balls
|
Batting: RHB Adam O'Hare
|
0-0: Ball 1-0: Foul Ball, location: 2F 1-1: Ball 2-1: Swinging Strike 2-2: Strikes out looking Tso-lin Fen steals 2nd base Batter strikes out.
|
Batting: RHB Terry Plumley
|
0-0: Ball 1-0: Foul Ball, location: 2F 1-1: Foul Ball, location: 2F 1-2: Ball 2-2: Ball Wild Pitch! Tso-lin Fen to third 3-2: Strikes out swinging
|
Batting: RHB Jorge Cruz
|
0-0: Ball 1-0: Ball 2-0: Foul Ball, location: 2F 2-1: Swinging Strike 2-2: Ball 3-2: Foul Ball, location: 2F 3-2: Base on Balls
|
Batting: RHB John Rios
|
0-0: Called Strike 0-1: Swinging Strike 0-2: Ground out 4-3 (Groundball, 4, EV 100.0 MPH)
|
Top of the 6th over - 0 runs, 0 hits, 0 errors, 2 left on base; Vancouver 14 - Connecticut 5 |
BOTTOM OF THE 6TH |
Connecticut Tigers batting - Pitching for Vancouver Canadians : RHP David Tooley
|
Batting: RHB Yaremka Rzhevsky
|
0-0: Foul Ball, location: 2F 0-1: Ball 1-1: Swinging Strike 1-2: Ball 2-2: Fly out, F6 (Line Drive, 6M, EV 71.2 MPH)
|
Batting: LHB Ryan Adams
|
0-0: Called Strike 0-1: Foul Ball, location: 2F 0-2: Strikes out swinging
|
Batting: RHB Willie Ochoa
|
0-0: SINGLE (Flyball, 4D, EV 86.9 MPH)
|
Batting: RHB Dustin Bursell
|
0-0: Called Strike 0-1: Foul Ball, location: 2F 0-2: Strikes out swinging
|
Bottom of the 6th over - 0 runs, 1 hit, 0 errors, 1 left on base; Vancouver 14 - Connecticut 5 |
TOP OF THE 7TH |
Vancouver Canadians batting - Pitching for Connecticut Tigers : RHP Bert Hernandez
|
Pitching: RHP Matt Haberle
|
|
Pinch Hitting: RHB Mike Johnson
|
0-0: Ball 1-0: Ball 2-0: Ball 3-0: Called Strike 3-1: Foul Ball, location: 2F 3-2: Strikes out swinging
|
Pinch Hitting: RHB Jake Bronner
|
0-0: Ball 1-0: Called Strike 1-1: SINGLE (Groundball, 56D, EV 106.2 MPH)
|
Batting: RHB Bobby Roldan
|
0-0: Ball 1-0: Called Strike 1-1: Swinging Strike 1-2: Strikes out swinging
|
Batting: RHB Akira Kubo
|
0-0: Ball 1-0: Ball 2-0: SINGLE (Groundball, 6M, EV 105.0 MPH) (infield hit) Jake Bronner to second
|
Pinch Hitting: RHB Mike Chamberlain
|
0-0: Swinging Strike 0-1: Swinging Strike 0-2: Ball Wild Pitch! Jake Bronner to third Akira Kubo to second 1-2: Ball 2-2: Strikes out swinging
|
Top of the 7th over - 0 runs, 2 hits, 0 errors, 2 left on base; Vancouver 14 - Connecticut 5 |
BOTTOM OF THE 7TH |
Connecticut Tigers batting - Pitching for Vancouver Canadians : RHP David Tooley
|
Now in LF: Mike Johnson
|
|
Now in CF: Jake Bronner
|
|
Now in RF: Mike Chamberlain
|
|
Batting: LHB Zach Rose
|
0-0: Foul Ball, location: 2F 0-1: Foul Ball, location: 2F 0-2: Ball 1-2: SINGLE (Flyball, 89S, EV 92.5 MPH)
|
Pinch Hitting: RHB Juan Perez
|
0-0: Ball 1-0: Fly out, F9 (Flyball, 9, EV 96.9 MPH)
|
Pinch Hitting: SHB Eisse Wijnja
|
0-0: Ball 1-0: Foul Ball, location: 2F 1-1: Called Strike 1-2: Ball 2-2: Strikes out swinging
|
Pitching: RHP Marcus Reiling
|
|
Batting: LHB Jon Pedlar
|
0-0: Ball 1-0: Foul Ball, location: 2F 1-1: SINGLE (Groundball, 6S, EV 70.0 MPH) (infield hit) Zach Rose to second
|
Batting: SHB Ronnie Lundy
|
0-0: Foul Ball, location: 2F 0-1: Ball 1-1: Fielders Choice at 2nd, 5-4 (Groundball, 5, EV 85.0 MPH)
|
Bottom of the 7th over - 0 runs, 2 hits, 0 errors, 2 left on base; Vancouver 14 - Connecticut 5 |
TOP OF THE 8TH |
Vancouver Canadians batting - Pitching for Connecticut Tigers : RHP Matt Haberle
|
Now at 1B: Eisse Wijnja
|
|
Now in LF: Isao Fukui
|
|
Batting: RHB Adam O'Hare
|
0-0: Called Strike 0-1: Ball 1-1: SINGLE (Groundball, 34D, EV 107.5 MPH)
|
Batting: RHB Terry Plumley
|
0-0: Ball 1-0: Called Strike 1-1: Foul Ball, location: 2F 1-2: Ball 2-2: Foul Ball, location: 2F 2-2: Strikes out swinging
|
Batting: RHB Jorge Cruz
|
0-0: Swinging Strike 0-1: Fly out, F7 (Flyball, 7D, EV 101.9 MPH)
|
Batting: RHB John Rios
|
0-0: Foul Ball, location: 2F 0-1: Foul Ball, location: 2F 0-2: Strikes out swinging
|
Top of the 8th over - 0 runs, 1 hit, 0 errors, 1 left on base; Vancouver 14 - Connecticut 5 |
BOTTOM OF THE 8TH |
Connecticut Tigers batting - Pitching for Vancouver Canadians : RHP Marcus Reiling
|
Now at 2B: Luis Reyes
|
|
Batting: RHB Yaremka Rzhevsky
|
0-0: Ball 1-0: Ground out 6-3 (Groundball, 6, EV 88.1 MPH)
|
Batting: LHB Ryan Adams
|
0-0: Ball 1-0: Ball 2-0: Called Strike 2-1: Foul Ball, location: 2F 2-2: SINGLE (Line Drive, 9LS, EV 96.2 MPH)
|
Batting: RHB Willie Ochoa
|
0-0: Ball 1-0: Swinging Strike 1-1: SINGLE (Groundball, 6MD, EV 95.0 MPH) Ryan Adams to second
|
Batting: RHB Dustin Bursell
|
0-0: Swinging Strike 0-1: Foul Ball, location: 2F 0-2: Strikes out swinging
|
Batting: LHB Zach Rose
|
0-0: Ball 1-0: Ball 2-0: Ball 3-0: Called Strike 3-1: Base on Balls Ryan Adams to third Willie Ochoa to second
|
Batting: LHB Isao Fukui
|
0-0: Called Strike 0-1: Called Strike 0-2: Ball 1-2: Ball 2-2: Ball 3-2: Foul Ball, location: 2F 3-2: Foul Ball, location: 2F 3-2: Strikes out looking
|
Bottom of the 8th over - 0 runs, 2 hits, 0 errors, 3 left on base; Vancouver 14 - Connecticut 5 |
TOP OF THE 9TH |
Vancouver Canadians batting - Pitching for Connecticut Tigers : RHP Matt Haberle
|
Pinch Hitting: LHB Ron de Vos
|
0-0: Ball 1-0: Called Strike 1-1: Ball 2-1: Ball 3-1: Called Strike 3-2: Strikes out swinging
|
Pitching: RHP Rich Nunez
|
|
Batting: RHB Jake Bronner
|
0-0: Ground out 6-3 (Groundball, 6, EV 83.8 MPH)
|
Batting: RHB Bobby Roldan
|
0-0: Called Strike 0-1: Called Strike 0-2: Strikes out swinging
|
Top of the 9th over - 0 runs, 0 hits, 0 errors, 0 left on base; Vancouver 14 - Connecticut 5 |
BOTTOM OF THE 9TH |
Connecticut Tigers batting - Pitching for Vancouver Canadians : RHP Marcus Reiling
|
Now in LF: Jake Bronner
|
|
Now in CF: Ron de Vos
|
|
Batting: SHB Eisse Wijnja
|
0-0: Ball 1-0: Ball 2-0: Ball 3-0: Called Strike 3-1: Base on Balls
|
Batting: LHB Jon Pedlar
|
0-0: Foul Ball, location: 2F 0-1: Swinging Strike 0-2: Ball 1-2: Strikes out swinging
|
Batting: SHB Ronnie Lundy
|
0-0: Ball 1-0: SINGLE (Groundball, 34D, EV 105.6 MPH) Eisse Wijnja to second
|
Batting: RHB Yaremka Rzhevsky
|
0-0: Foul Ball, location: 2F 0-1: Ball 1-1: Swinging Strike 1-2: Ball 2-2: Ball 3-2: Hit by Pitch Eisse Wijnja to third Ronnie Lundy to second
|
Batting: LHB Ryan Adams
|
0-0: Grounds into double play, 6-4-3 (Groundball, 6, EV 103.8 MPH)
|
Bottom of the 9th over - 0 runs, 1 hit, 0 errors, 2 left on base; Vancouver 14 - Connecticut 5 |
|